 Dungeon Crawl Stone Soup version 0.29-a0-398-ge13fd1374b (webtiles) character file.

Game seed: 6350205141026223164

12070 happo123 the Geomancer (level 11, -27/64 HPs)
             Began as a Gargoyle Earth Elementalist on May 12, 2022.
             Was a Believer of Ashenzari.
             Annihilated by a boulder beetle (55 damage)
             ... on level 11 of the Dungeon.
             The game lasted 01:37:12 (10595 turns).

happo123 the Geomancer (GrEE)                      Turns: 10595, Time: 01:37:13

Health: -27/64     AC: 16    Str: 13    XL:     11   Next: 87%
Magic:  13/26      EV: 21    Int: 19    God:    Ashenzari [**....]
Gold:   685        SH:  0    Dex: 10    Spells: 21/33 levels left

rFire   + . .      SeeInvis +   H - +4 quarterstaff (chaos)
rCold   + . .      Faith    .   (shield currently unavailable)
rNeg    + . .      Spirit   .   S - +0 steam dragon scales
rPois   ∞          Reflect  .   m - +0 helmet
rElec   +          Harm     .   l - scarf "Profound Doubts" {rC+ rF+, Comp, Self} (curse)
rCorr   .          Rampage  .   n - +0 pair of gloves
Will    .....                   (no boots)
Stlth   +++.......              f - amulet of Ashenzari's Fallacy {RegenMP, Self, Cun} (curse)
HPRegen 0.20/turn               h - ring of Ashenzari's Gloom {EV+4, Bglg, Fort} (curse)
MPRegen 0.60/turn               j - +4 ring of evasion

@: no status effects
A: sickness immunity, AC +8, negative energy resistance 1, electricity
resistance, torment resistance 1, petrification resistance
a: Renounce Religion, Curse Item, Shatter the Chains


You were on level 11 of the Dungeon.
You worshipped Ashenzari.
Ashenzari was pleased with you.
You visited 2 branches of the dungeon, and saw 12 of its levels.
You also visited: Sewer.

You collected 685 gold pieces.

Inventory:

Hand Weapons
 q - a +4 whip
 x - a +0 antimagic quarterstaff
 H - a +4 quarterstaff of chaos (weapon)
 I - a +2 mace of holy wrath
Missiles
 a - 161 stones
Armour
 b - an orb of mayhem
 l - the cursed scarf "Profound Doubts" (worn) {rC+ rF+, Comp, Self}
   (You found it on level 2 of the Dungeon)

   It has a curse which improves the following skills: Companions: Summonings
   and Necromancy.
   Introspection: Fighting and Spellcasting.
 m - a +0 helmet (worn)
 n - a +0 pair of gloves (worn)
 S - +0 steam dragon scales (worn)
 T - +0 acid dragon scales
Magical Staves
 p - a staff of death
Jewellery
 f - the cursed amulet of Ashenzari's Fallacy (around neck) {RegenMP, Self, Cun}
   (You took it off a centaur on level 9 of the Dungeon)

   [amulet of magic regeneration]

   It increases your rate of magic regeneration.
   It has a curse which improves the following skills: Introspection: Fighting
   and Spellcasting.
   Cunning:   Dodging and Stealth.
 h - the cursed ring of Ashenzari's Gloom (left hand) {EV+4, Bglg, Fort}
   (You found it on level 1 of the Dungeon)

   [ring of evasion]

   EV:        It affects your evasion (+4).
   It has a curse which improves the following skills: Beguiling: Conjurations,
   Hexes and Translocations.
   Fortitude: Armour and Shields.
 j - a +4 ring of evasion (right hand)
 o - a +6 ring of dexterity
Wands
 y - a wand of iceblast (11)
 J - a wand of acid (17)
 Q - a wand of digging (7)
 R - a wand of flame (22)
Scrolls
 e - 3 scrolls of noise
 i - a scroll of identify
 r - a scroll of poison
 v - 2 scrolls of immolation
 z - 2 scrolls of fog
 A - 7 scrolls of teleportation
 B - 2 scrolls of fear
 D - a scroll of acquirement
 K - 2 scrolls of silence
 L - a scroll of magic mapping
 M - a scroll of blinking
 O - a scroll of enchant weapon
 P - a scroll of amnesia
 U - a scroll of brand weapon
Potions
 c - 2 potions of magic
 d - a potion of ambrosia
 g - 4 potions of curing
 k - 5 potions of lignification
 s - 2 potions of haste
 t - 2 potions of mutation
 u - 2 potions of flight
 w - 3 potions of brilliance
 E - a potion of might
 F - 4 potions of degeneration
 G - 3 potions of attraction
 N - a potion of resistance


   Skills:
 + Level 3.7(5.5) Fighting
 + Level 3.8(5.3) Maces & Flails
 + Level 5.7(6.3) Staves
 + Level 3.0(4.1) Armour
 + Level 4.4(5.6) Dodging
 + Level 5.2(6.4) Stealth
 + Level 2.2 Unarmed Combat
 + Level 9.7(11.6) Spellcasting
 + Level 2.9(4.0) Conjurations
 + Level 0.2(0.5) Translocations
 + Level 0.9 Transmutations
 + Level 12.9 Earth Magic


You had 21 spell levels left.
You knew the following spells:

 Your Spells              Type           Power      Damage    Failure   Level
a - Sandblast             Erth           100%       2d20      1%          1
b - Stone Arrow           Conj/Erth      86%        3d12      1%          3
c - Petrify               Tmut/Erth      37%        N/A       3%          4
d - Passwall              Tmut/Erth      30%        N/A       1%          2
e - Blink                 Tloc           26%        N/A       8%          2

Your spell library contained the following spells:

 Spells                   Type           Power      Damage    Failure   Level
 Borgnjor's Vile Clutch   Necr/Erth      17%        N/A       12%         5
 Ozocubu's Armour         Ice            11%        N/A       19%         3
 Manifold Assault         Tloc           13%        N/A       80%         5
 Alistair's Intoxication  Tmut/Pois      8%         N/A       82%         5
 Eringya's Noxious Bog    Tmut/Pois      6%         N/A       100%        6
 Ozocubu's Refrigeration  Ice            5%         4d6       100%        7
 Storm Form               Tmut/Air       6%         N/A       100%        7


Dungeon Overview and Level Annotations

Branches:
Dungeon (11/15)            Temple (1/1) D:7            Lair (0/6) D:11
    Orc (0/2) D:11          Sewer (visited)

Altars:
Ashenzari
Cheibriados
Dithmenos
Elyvilon
Fedhas
Gozag
Hepliaklqana
Kikubaaqudgha
Makhleb
Nemelex Xobeh
Okawaru
Qazlal
Ru
Sif Muna
Trog
Uskayaw
Vehumet
Wu Jian
Xom
Yredelemnul
Zin
The Shining One

Shops:
D:7 *


Innate Abilities, Weirdness & Mutations

You are immune to sickness and miasma.
Your stone body is resilient. (AC +8)
You are immune to poison.
You resist negative energy. (rN+)
You are resistant to electric shocks. (rElec)
You are resistant to unholy torment.
You are immune to petrification.


Message History

Aim: a boulder beetle (lightly wounded, 100% to hit)
The blast of sand hits the boulder beetle.
The boulder beetle is lightly wounded.
The boulder beetle bites you!
Aiming: Sandblast (safe; 1% risk of failure)
Press: ? - help, Q - select action, (/) - cycle Shift-Dir - straight line, f/p - boulder beetle
Aim: a boulder beetle (lightly wounded, 100% to hit)
The blast of sand hits the boulder beetle but does no damage.
The boulder beetle is lightly wounded.
You feel stable enough to blink again. The boulder beetle barely misses you.
Casting: Sandblast (safe; 1% risk of failure)
Confirm with . or Enter, or press ? or * to list all spells.
You blink.
The boulder beetle waves its antennae.
Aiming: Sandblast (safe; 1% risk of failure)
Press: ? - help, Q - select action, (/) - cycle Shift-Dir - straight line, f/p - boulder beetle
Aim: a boulder beetle (lightly wounded, 100% to hit)
The blast of sand hits the boulder beetle.
The boulder beetle is lightly wounded.
The boulder beetle curls into a ball and begins rolling!
As you read the scroll of fear, it crumbles to dust.
You assume a fearsome visage.
The boulder beetle looks frightened!
Casting: Sandblast (safe; 1% risk of failure)
Confirm with . or Enter, or press ? or * to list all spells.
Aiming: Stone Arrow (safe; 1% risk of failure)
Press: ? - help, Shift-Dir - straight line, f/p - boulder beetle
Aim: a boulder beetle (lightly wounded, rolling, fleeing, 100% to hit)
The stone arrow hits the boulder beetle but does no damage.
The boulder beetle is lightly wounded.
Your attack snaps the boulder beetle out of its fear.
You feel stable enough to blink again.
Aiming: Sandblast (safe; 1% risk of failure)
Press: ? - help, Q - select action, (/) - cycle Shift-Dir - straight line, f/p - boulder beetle
Aim: a boulder beetle (lightly wounded, rolling, 100% to hit)
The blast of sand hits the boulder beetle.
The boulder beetle is lightly wounded.
The boulder beetle hits you!!!
Ouch! That really hurt!
You die...

............ ...#
............. #..#
..>..........##..#
.................#
.................#
.###........ #...#
...)........##...##
...............)..#
........##..°°○B@.#
..##....##........#
).##..............#
..................#
............#####.#
........#.........#
........#.#.#######
..........###
............#


You could see a boulder beetle (rolling).

Vanquished Creatures
  A two-headed ogre (D:9)
  Erica (D:11)
  A catoblepas (D:10)
  A manticore (D:10)
  A cyclops (D:11)
  An unseen horror (D:10)
  2 trolls
  Sigmund (D:6)
  A wyvern (D:9)
  18 yaks
  Eustachio (D:6)
  A basilisk (D:11)
  A human (D:11)
  A steam dragon (D:8)
  4 vampire mosquitoes (D:11)
  5 water moccasins
  An acid dragon (D:10)
  2 sky beasts (D:8)
  4 orc warriors
  3 ice beasts
  A black bear (D:4)
  2 ogres
  2 centaurs
  7 kobold brigands
  2 bullfrogs
  2 necrophages
  3 wights (D:7)
  6 killer bees
  7 howler monkeys
  6 hounds
  10 orc priests
  Crazy Yiuf (D:5)
  3 jellies
  5 iguanas
  Ijyb (D:4)
  Terence (D:2)
  18 orc wizards
  10 adders
  4 gnolls (D:5)
  2 river rats
  A shadow imp (D:5)
  2 white imps
  2 ufetubi
  3 worms
  2 dart slugs
  51 orcs
  14 ball pythons
  6 bats
  9 endoplasms
  12 giant cockroaches
  5 goblins
  10 hobgoblins
  10 jackals
  6 quokkas
  8 frilled lizards
  24 kobolds
  5 rats
314 creatures vanquished.

Vanquished Creatures (others)
  8 plants (Sewer)
8 creatures vanquished.

Grand Total: 322 creatures vanquished

Notes
Turn   | Place    | Note
-------+----------+-------------------------------------------
     0 | D:1      | happo123 the Gargoyle Earth Elementalist began the quest
                  | for the Orb.
     0 | D:1      | Reached XP level 1. HP: 10/10 MP: 3/3
    66 | D:1      | Reached XP level 2. HP: 10/15 MP: 0/5
   294 | D:1      | Reached skill level 4 in Earth Magic
   311 | D:1      | Found a faded altar of an unknown god.
   392 | D:1      | Reached XP level 3. HP: 18/19 MP: 4/6
   693 | D:1      | Reached skill level 1 in Unarmed Combat
  1040 | D:2      | Noticed an ogre
  1045 | D:2      | Killed an ogre
  1046 | D:2      | Reached XP level 4. HP: 24/24 MP: 0/8
  1046 | D:2      | Reached XP level 5. HP: 28/28 MP: 0/9
  1115 | D:2      | Learned a level 3 spell: Stone Arrow
  1198 | D:2      | Noticed Terence
  1217 | D:2      | Killed Terence
  1218 | D:2      | Reached skill level 5 in Earth Magic
  1861 | D:3      | Reached XP level 6. HP: 32/32 MP: 6/11
  1965 | D:3      | Reached skill level 1 in Maces & Flails
  2174 | D:3      | Reached skill level 1 in Armour
  2795 | D:4      | Found a shadowy altar of Dithmenos.
  2831 | D:4      | Noticed a black bear
  2837 | D:4      | Killed a black bear
  2838 | D:4      | Reached XP level 7. HP: 33/37 MP: 4/13
  2951 | D:4      | Noticed Ijyb
  2971 | D:4      | Killed Ijyb
  3200 | D:4      | Reached skill level 6 in Earth Magic
  3222 | D:4      | Found a glowing drain.
  3227 | Sewer    | Entered a sewer
  3474 | Sewer    | Reached skill level 1 in Fighting
  3474 | Sewer    | Reached XP level 8. HP: 43/43 MP: 10/15
  3959 | D:5      | Entered Level 5 of the Dungeon
  4000 | D:5      | Reached skill level 5 in Spellcasting
  4026 | D:5      | Reached skill level 7 in Earth Magic
  4045 | D:5      | Found a runed translucent door.
  4046 | D:5      | Noticed Crazy Yiuf
  4050 | D:5      | Killed Crazy Yiuf
  4390 | D:5      | Reached skill level 1 in Staves
  4639 | D:5      | Reached XP level 9. HP: 45/48 MP: 17/17
  4709 | D:5      | Reached skill level 8 in Earth Magic
  4973 | D:5      | Upgraded the game from 0.29-a0-397-g846e4a0bbc to
                  | 0.29-a0-398-ge13fd1374b
  5074 | D:6      | Noticed Sigmund
  5083 | D:6      | Killed Sigmund
  5126 | D:6      | Noticed Eustachio
  5138 | D:6      | Killed Eustachio
  5248 | D:6      | Reached skill level 1 in Conjurations
  5948 | D:6      | Learned a level 4 spell: Petrify
  6035 | D:7      | Found a staircase to the Ecumenical Temple.
  6044 | D:7      | Learned a level 2 spell: Passwall
  6078 | D:7      | Reached skill level 9 in Earth Magic
  6140 | Temple   | Entered the Ecumenical Temple
  6846 | Temple   | Became a worshipper of Ashenzari the Shackled
  7262 | D:7      | Found Nenuqupp's General Store.
  7744 | D:8      | Reached XP level 10. HP: 31/53 MP: 12/20
  7888 | D:8      | Reached skill level 10 in Earth Magic
  8419 | D:8      | Reached skill level 11 in Earth Magic
  8658 | D:9      | Noticed a two-headed ogre
  8676 | D:8      | Reached skill level 5 in Stealth
  8696 | D:9      | Killed a two-headed ogre
  8930 | D:9      | Reached XP level 11. HP: 60/60 MP: 18/23
  8946 | D:9      | Reached skill level 5 in Staves
  9038 | D:9      | Identified the +1 ring mail of Spite {Dex+3}
  9180 | D:9      | Reached * piety under Ashenzari
  9180 | D:9      | Identified a scroll of acquirement
  9205 | D:10     | Entered Level 10 of the Dungeon
  9434 | D:10     | Reached skill level 12 in Earth Magic
  9497 | D:10     | Reached ** piety under Ashenzari
  9540 | D:10     | Learned a level 2 spell: Blink
  9582 | D:10     | Noticed a catoblepas
  9583 | D:10     | Noticed a manticore
  9599 | D:10     | Killed a catoblepas
  9610 | D:10     | Killed a manticore
 10192 | D:11     | Noticed a cyclops
 10199 | D:11     | Killed a cyclops
 10241 | D:11     | Found a staircase to the Lair.
 10308 | D:11     | Noticed Erica
 10317 | D:11     | Killed Erica
 10499 | D:11     | Found a staircase to the Orcish Mines.
 10574 | D:11     | Noticed a boulder beetle
 10595 | D:11     | Annihilated by a boulder beetle

Illustrated notes

Levels and vault maps discovered:
D:1:      tarquinn_simple_flora_water_e, layout_basic,
          ebering_ecumenical_altar_box
D:2:      layout_basic, uniq_terence
D:3:      wad_river_or_something, layout_basic, minivault_19,
          kennysheep_generic_room_3
D:4:      layout_basic, nicolae_dithmenos_shadow_blocks, portal_sewer_entry_e,
          uniq_ijyb
D:5:      layout_gridville, grunt_ministairs_9, uniq_crazy_yiuf_cottage
D:6:      layout_gridville, uniq_eustachio, uniq_sigmund
D:7:      layout_loops_ring, minmay_temple_entry_statues,
          kennysheep_windowed_goal
D:8:      layout_rooms, kennysheep_generic_room_5
D:9:      layout_cross
D:10:     nzn_motion_control, layout_irregular_city
D:11:     layout_cave_pools, lair_entry_dummy, erik_orc_4, uniq_erica
Temple:   mainiacjoe_temple_trianglar_array

Skill      XL: |  1  2  3  4  5  6  7  8  9 10 11 |
---------------+----------------------------------+-----
Earth Magic    | 4 5 6 7 9 11 12 | 12.9
Unarmed Combat | 1 2 |  2.2
Spellcasting   | 3 4 5 7 8 9 |  9.7
Dodging        | 2 3 4 |  4.4
Maces & Flails | 2 3 |  3.8
Armour         | 1 2 3 |  3.0
Stealth        | 3 4 5 |  5.2
Fighting       | 1 2 3 |  3.7
Staves         | 2 3 4 5 |  5.7
Conjurations   | 1 2 |  2.9
Translocations | |  0.2
Transmutations | |  0.9

Action                   |  1- 3 |  4- 6 |  7- 9 | 10-12 || total
-------------------------+-------+-------+-------+-------++-------
Melee: Unarmed           |    99 |    37 |       |       ||   136
       Punch             |     1 |     4 |     2 |       ||     7
       Whip              |       |    75 |   121 |       ||   196
       Flail             |       |     3 |       |       ||     3
       Quarterstaff      |       |       |    99 |   154 ||   253
 Cast: Sandblast         |    35 |    43 |   122 |   117 ||   317
       Stone Arrow       |       |     5 |    32 |    54 ||    91
       Petrify           |       |       |       |     3 ||     3
       Blink             |       |       |       |     5 ||     5
Invok: Curse Item        |       |       |     1 |     2 ||     3
  Use: Scroll            |       |       |     8 |     2 ||    10
       Potion            |       |       |       |     1 ||     1
 Stab: Sleeping          |     2 |     5 |     6 |     1 ||    14
       Paralysed         |       |       |       |     1 ||     1
Armor: Robe              |    13 |       |       |       ||    13
       Leather armour    |    38 |    11 |    83 |     5 ||   137
       Steam dragon scal |       |       |       |    72 ||    72
Dodge: Dodged            |   108 |    91 |   250 |   253 ||   702

Table legend: (Time is in decaauts)
 A = Elapsed time spent in this place.
 B = Non-inter-level travel time spent in this place.
 C = Inter-level travel time spent in this place.
 D = Time resting spent in this place.
 E = Time spent auto-exploring this place.
 F = Levels seen in this place.
 G = Mean time per level.
                   A        B        C        D        E       F      G
               +--------+--------+--------+--------+--------+-----+--------+
         Total |  10732 |   6919 |   3813 |    741 |   3548 |  13 |  825.5 |
       Dungeon |   9230 |   5853 |   3377 |    741 |   2965 |  11 |  839.1 |
        Temple |    797 |    361 |    436 |      0 |    348 |   1 |  797.0 |
         Sewer |    703 |    703 |      0 |      0 |    235 |   1 |  703.0 |
               +--------+--------+--------+--------+--------+-----+--------+

Top non-repeatable levels by time:
     D:8: 1001 daAuts
     D:5: 989 daAuts
     D:6: 976 daAuts
     D:3: 969 daAuts
    D:10: 933 daAuts
     D:2: 909 daAuts
     D:7: 879 daAuts
     D:1: 843 daAuts
  Temple: 797 daAuts
   Sewer: 703 daAuts
     D:4: 681 daAuts
     D:9: 589 daAuts
    D:11: 455 daAuts
